 Dungeon Crawl Stone Soup version 0.17-a0-1078-g243345b (webtiles) character file.

27 l0ser140 the Sneak (level 3, -2/19 HPs)
             Began as a Kobold Enchanter on May 19, 2015.
             Slain by an adder (4 damage)
             ... on level 2 of the Dungeon.
             The game lasted 00:01:55 (1446 turns).

l0ser140 the Sneak (Kobold Enchanter)               Turns: 1446, Time: 00:01:55

Health: -2/19      AC:  3    Str:  6    XL:     3   Next: 25%
Magic:  6/6        EV: 15    Int: 14    God:
Gold:   135        SH:  0    Dex: 16    Spells: 1 memorised, 5 levels left

rFire  . . .     SeeInvis .     a - +1 dagger
rCold  . . .     Clarity  .     b - +1 robe
rNeg   . . .     SustAb   .     (shield restricted)
rPois  .         Gourm    .     (no helmet)
rElec  .         Spirit   .     (no cloak)
rCorr  .         Warding  .     (no gloves)
rMut   .         Stasis   .     (no boots)
MR     .....                    (no amulet)
Stlth  +++.......               (no ring)
                                (no ring)

@: lethally poisoned (-2 -> -5), not resistant to hostile enchantments, fairly
stealthy
A: carnivore 3
a: no special abilities


You were on level 2 of the Dungeon.
You were hungry.

You visited 1 branch of the dungeon, and saw 2 of its levels.

You collected 135 gold pieces.

Inventory:

Hand weapons
 a - a +1 dagger (weapon)
Armour
 b - a +1 robe (worn)
Scrolls
 f - a scroll of magic mapping {unknown}
 h - a scroll of fear {unknown}
Potions
 e - a potion of curing {unknown}
 g - a potion of flight {unknown}
 j - 2 potions of degeneration {unknown}
 k - a potion of haste {unknown}
Books
 c - a book of Maledictions

   Spells                             Type                      Level
   a - Corona                         Hexes                        1
   b - Ensorcelled Hibernation        Hexes/Ice                    2
   c - Confuse                        Hexes                        3
   d - Tukima's Dance                 Hexes                        3
   e - Dazzling Spray                 Conjuration/Hexes            3
Comestibles
 d - 2 meat rations
 i - a slice of pizza


   Skills:
 - Level 1.3 Short Blades
 - Level 2.4 Dodging
 + Level 5.0 Stealth
 - Level 2.0 Spellcasting
 + Level 3.5 Hexes


You had 5 spell levels left.
You knew the following spells:

 Your Spells              Type           Power        Failure   Level  Hunger
y - Corona                Hex            ##.....      6%          1    ##.....


Dungeon Overview and Level Annotations

Branches:
Dungeon (2/15)

Altars:

Annotations:
D:2 Terence


Innate Abilities, Weirdness & Mutations

You are small and have problems with some larger weapons.
You are carnivorous and can eat meat at any time.


Message History

You barely miss the adder.
The adder is lightly wounded.
The adder closely misses you. The adder barely misses you.
You miss the adder.
The adder is lightly wounded.
The adder bites you.
You are poisoned.
The adder poisons you!
Damage: -10%(-2hp) hp: 69%(13hp)
You miss the adder.
The adder is lightly wounded.
You feel sick. The adder bites you but does no damage.
Damage: -5%(-1hp) hp: 64%(12hp)
You miss the adder.
The adder is lightly wounded.
The adder barely misses you.
Unknown command.
You hit the adder.
The adder is moderately wounded.
You feel sick. The adder misses you.
Damage: -6%(-1hp) hp: 58%(11hp)
You closely miss the adder.
The adder is moderately wounded.
The adder closely misses you. x2
You barely miss the adder.
The adder is moderately wounded.
The adder bites you.
Damage: -5%(-1hp) hp: 53%(10hp)
You hit the adder.
The adder is moderately wounded.
You feel sick. The adder misses you.
Damage: -5%(-1hp) hp: 48%(9hp)
You hit the adder.
The adder is severely wounded.
The adder bites you.
* * * LOW HITPOINT WARNING * * *
Huge Dmg: -21%(-4hp) hp: 27%(5hp)
You closely miss the adder.
The adder is severely wounded.
The adder closely misses you.
You closely miss the adder.
The adder is severely wounded.
* * * LOW HITPOINT WARNING * * *
You feel sick. The adder bites you but does no damage. The adder bites you.
* * * LOW HITPOINT WARNING * * *
Huge Dmg: -16%(-3hp) hp: 11%(2hp)
You hit the adder.
The adder is almost dead.
The adder bites you.
You die...

#.......#..>... #.......#.##.##.
#............ ### ##.#......#
##.## #### #.....#### # ##...##
...# ###......##.# #...... ##.#
###.......# ##...## #.#######
####S#### ####.## #.......# #K#
#....# #.....#.# ##.## #.####
#.###.#.# #...# #.# ##.###.#.#
#...########.# .....#.#.#
#.......).##.#
##.#.#.#.######...#####.##.####
##..<....##.......)...#.##..&.###
...#)#...................#.###...
##.#....###.........(.#...## ##.#


You could see an adder.

Vanquished Creatures
  A giant gecko (D:2)
  2 ball pythons (D:1 D:2)
  5 bats (D:1 D:2)
  5 goblins (D:1 D:2)
  3 hobgoblins (D:1)
  A kobold (D:1)
  A quokka (D:2)
  2 giant cockroaches (D:1)
  3 giant newts (D:1 D:2)
  3 rats (D:1 D:2)
26 creatures vanquished.

Notes
Turn   | Place    | Note
--------------------------------------------------------------
     0 | D:1      | l0ser140 the Kobold Enchanter began the quest for the Orb.
     0 | D:1      | Reached XP level 1. HP: 10/10 MP: 3/3
    14 | D:1      | Huge Dmg: 5 Dmg
   371 | D:1      | Reached XP level 2. HP: 15/15 MP: 5/5
   808 | D:1      | Huge Dmg: 3 Dmg
  1162 | D:2      | Reached XP level 3. HP: 19/19 MP: 6/6
  1265 | D:2      | Noticed Terence
  1333 | D:2      | Reached skill level 5 in Stealth
  1434 | D:2      | Huge Dmg: 4 Dmg
  1444 | D:2      | Huge Dmg: 4 Dmg
  1446 | D:2      | Huge Dmg: 3 Dmg
  1446 | D:2      | Slain by an adder

Vault maps used:
D:1:      ncdulo_halloftheorcs, minmay_misc_feat_rows
D:2:      first_bread, uniq_robin, uniq_terence

Action                   || total
-------------------------++-------
Melee: Dagger            ||    95
 Stab: Sleeping          ||     7
       Distracted        ||     1
  Eat: Chunk             ||     1

Vault maps used:
D:1:      ncdulo_halloftheorcs, minmay_misc_feat_rows
D:2:      first_bread, uniq_robin, uniq_terence
